 Dungeon Crawl Stone Soup version 0.29.0-11-gd7f09526c8 (webtiles) character file.

Game seed: 15617029821710606055

660 Peloso the Slasher (level 7, -10/61 HPs)
             Began as a Minotaur Fighter on Sept 2, 2022.
             Was an Initiate of Okawaru.
             Mangled by an ogre
             ... wielding a +0 giant spiked club
              (29 damage)
             ... on level 5 of the Dungeon.
             The game lasted 00:07:45 (3752 turns).

Peloso the Slasher (Minotaur Fighter)               Turns: 3752, Time: 00:07:45

Health: -10/61     AC: 11    Str: 26    XL:     7   Next: 30%
Magic:  6/6        EV:  8    Int:  5    God:    Okawaru [......]
Gold:   170        SH:  5    Dex: 12    Spells: 6/6 levels left

rFire   . . .      SeeInvis .   a - +0 long sword
rCold   . . .      Faith    .   c - +0 buckler
rNeg    . . .      Spirit   .   y - +0 chain mail
rPois   .          Reflect  .   (helmet restricted)
rElec   .          Harm     .   o - +0 cloak
rCorr   .          Rampage  .   (no gloves)
Will    .....                   (no boots)
Stlth   ..........              w - amulet of regeneration
HPRegen 1.00/turn               B - +6 ring of strength
MPRegen 0.10/turn               (no ring)

@: no status effects
A: horns 2, retaliatory headbutt
a: Renounce Religion


You were on level 5 of the Dungeon.
You worshipped Okawaru.
Okawaru was noncommittal.
You visited 2 branches of the dungeon, and saw 6 of its levels.

You collected 198 gold pieces.
You spent 28 gold pieces at shops.

Inventory:

Hand Weapons
 a - a +0 long sword (weapon)
Armour
 b - a +0 scale mail
 c - a +0 buckler (worn)
 o - a +0 cloak (worn)
 y - a +0 chain mail (worn)
Jewellery
 s - a ring of magical power
 w - an amulet of regeneration (around neck)
 B - a +6 ring of strength (left hand)
 E - an amulet of the acrobat
Wands
 x - a wand of charming (11)
 D - a wand of flame (2)
Scrolls
 e - 4 scrolls of fog {unknown}
 f - 3 scrolls of teleportation {unknown}
 h - 3 scrolls of identify
 j - a scroll of immolation {unknown}
 k - 2 scrolls of blinking {unknown}
 m - 4 scrolls of fear {unknown}
 p - a scroll of poison {unknown}
 r - 3 scrolls of brand weapon {unknown}
 u - a scroll of amnesia {unknown}
 A - 2 scrolls of vulnerability {unknown}
Potions
 d - 2 potions of might
 g - 2 potions of ambrosia {unknown}
 i - a potion of haste {unknown}
 l - 3 potions of curing {unknown}
 n - a potion of cancellation {unknown}
 q - a potion of invisibility {unknown}
 t - a potion of berserk rage {unknown}
 v - 6 potions of heal wounds {unknown}
 z - a potion of magic {unknown}
 C - 2 potions of mutation {unknown}


   Skills:
 + Level 5.1 Fighting
 + Level 6.3 Long Blades
 + Level 6.1 Armour
 + Level 2.0 Dodging
 + Level 0.4 Stealth
 + Level 4.8 Shields


You had 6 spell levels left.
You didn't know any spells.
Your spell library contained the following spells:

 Spells                   Type           Power      Damage    Failure   Level
 Necrotise                Necr           0%         1d4       98%         1
 Sublimation of Blood     Necr           0%         N/A       99%         2
 Vampiric Draining        Necr           0%         2d6       100%        3
 Petrify                  Tmut/Erth      0%         N/A       100%        4
 Agony                    Necr           0%         N/A       100%        5
 Irradiate                Conj/Tmut      0%         3d11      100%        5


Dungeon Overview and Level Annotations

Branches:
Dungeon (5/15)             Temple (1/1) D:4

Altars:
Ashenzari
Elyvilon
Fedhas
Hepliaklqana
Kikubaaqudgha
Nemelex Xobeh
Okawaru
Sif Muna
Uskayaw
Wu Jian
Xom

Shops:
D:1 [   D:5 *[

Annotations:
D:2 1 runed translucent door, Crazy Yiuf
D:4 3 runed translucent doors, kwasso's ghost, amateur VSFi


Innate Abilities, Weirdness & Mutations

You have a pair of horns on your head.
You reflexively headbutt those who attack you in melee.


Message History

The orc is moderately wounded.
The orc wizard points at you and mumbles some strange words.
The puff of flame hits you but does no damage.
The orc hits you with a +0 short sword.
You hear a shout!
You closely miss the orc.
The orc is moderately wounded.
The orc hits you with a +0 short sword. The orc wizard casts a spell at you.
The magic dart hits you.
An orc comes into view. It is wielding a +0 dagger.
Unknown command.
The orc attacks as you move away! The orc hits you but does no damage.
You slash the orc!
You kill the orc!
Okawaru accepts your kill.
Unknown command.
An orc comes into view. It is wielding a +0 dagger.
The orc shouts!
An orc comes into view. It is wielding a +0 morningstar.
Things that are here:
a +0 short sword; a +0 leather armour An ogre comes into view.
It is wielding a +0 giant spiked club.
The ogre shouts!
You hear an angry hiss.
An orc priest comes into view. It is wielding a +0 short sword.
The orc priest shouts!
An orc comes into view. It is wielding a +0 club.
The orc wizard casts a spell at you. The puff of flame hits you!
The orc priest mumbles some strange prayers to Beogh against you.
Beogh smites you!
An orc priest comes into view. It is wielding a +0 hand axe.
The ogre hits you with a +0 giant spiked club!!
* * * LOW HITPOINT WARNING * * *
An orc comes into view. It is wielding a +0 dagger.
The orc shouts!
You hear a bark!
A hound comes into view.
The ogre attacks as you move away!
The ogre hits you with a +0 giant spiked club!!
You die...

##.......∩.....#..o....
#.......#.#.......o...l
#...............h......
#.....†....o..oo...o...
##.....#.o.o...#.......
##...##..o..o....####.
######..........
#.Oo......# ###@.#.....
#..#.#... ##....#.##
#.....# ####.#..#####
##.......)....
##.............
#..............
#..............


You could see an ogre, a hound, 2 orc priests, an orc wizard and 5 orcs.

Vanquished Creatures
  Sigmund (D:3)
  A phantom (D:5)
  2 scorpions (D:4)
  Jessica (D:2)
  An iguana (D:5)
  Natasha (thrice) (D:4)
  3 gnolls (D:2)
  5 adders
  An ufetubus (D:3)
  4 worms
  3 dart slugs
  6 orcs
  6 ball pythons
  11 endoplasms
  5 giant cockroaches
  8 hobgoblins
  4 jackals (D:2)
  7 quokkas
  6 bats
  2 frilled lizards
  3 goblins
  5 kobolds
  6 rats
94 creatures vanquished.

Vanquished Creatures (others)
  3 fungi (D:1)
3 creatures vanquished.

Grand Total: 97 creatures vanquished

Notes
Turn   | Place    | Note
-------+----------+-------------------------------------------
     0 | D:1      | Peloso the Minotaur Fighter began the quest for the Orb.
     0 | D:1      | Reached XP level 1. HP: 19/19 MP: 0/0
   249 | D:1      | Reached XP level 2. HP: 24/26 MP: 1/1
   333 | D:1      | Found Felaingu's Armour Shop.
   587 | D:1      | Reached XP level 3. HP: 33/33 MP: 2/2
   759 | D:1      | Found a faded altar of an unknown god.
   906 | D:2      | Noticed Jessica
   916 | D:2      | Killed Jessica
  1110 | D:2      | Reached XP level 4. HP: 36/40 MP: 3/3
  1364 | D:2      | Reached skill level 1 in Dodging
  1534 | D:2      | Found a runed translucent door.
  1535 | D:2      | Noticed Crazy Yiuf
  1825 | D:3      | Reached skill level 5 in Armour
  1825 | D:3      | Reached XP level 5. HP: 47/47 MP: 4/4
  1930 | D:3      | Noticed Sigmund
  1955 | D:3      | Killed Sigmund
  1956 | D:3      | Reached XP level 6. HP: 42/53 MP: 5/5
  2391 | D:3      | Found a hide-covered altar of Uskayaw.
  2658 | D:3      | Found a hazy altar of Hepliaklqana.
  2756 | D:4      | Reached skill level 5 in Long Blades
  2808 | D:4      | Found a staircase to the Ecumenical Temple.
  2820 | D:4      | Noticed Natasha
  2832 | D:4      | Killed Natasha
  2845 | Temple   | Entered the Ecumenical Temple
  2935 | Temple   | Became a worshipper of Warmaster Okawaru
  3058 | D:4      | Noticed Natasha
  3067 | D:4      | Killed Natasha
  3130 | D:4      | Noticed Natasha
  3137 | D:4      | Killed Natasha
  3202 | D:4      | Found a runed translucent gate.
  3202 | D:4      | Found a runed translucent gate.
  3202 | D:4      | Found a runed translucent gate.
  3202 | D:4      | Noticed kwasso's ghost (amateur VSFi)
  3336 | D:4      | Found a blossoming altar of Fedhas.
  3380 | D:4      | Reached skill level 5 in Fighting
  3380 | D:4      | Reached XP level 7. HP: 61/61 MP: 6/6
  3605 | D:5      | Entered Level 5 of the Dungeon
  3605 | D:5      | Found Gufrerpha's General Store.
  3616 | D:5      | Bought a scroll of identify for 28 gold pieces
  3657 | D:5      | Found Doagguk's Armour Emporium.
  3752 | D:5      | Mangled by an ogre

Illustrated notes

Levels and vault maps discovered:
D:1:      minmay_arrival_stair_chambers, layout_rooms,
          dreamdust_ecumenical_altar_hidden_monk_grotto, serial_shops,
          nicolae_shop_competitors_out_of_business, nicolae_wormholes
D:2:      layout_basic, uniq_crazy_yiuf_cottage, uniq_jessica
D:3:      layout_loops_ring, nicolae_overflow_hidden_temple,
          mainiacjoe_overflow_surrounded_room, uniq_sigmund
D:4:      layout_basic, fedhas_altar_4, minmay_temple_entry_wispy,
          ebering_ghost_rock_garden, kennysheep_cluttered_room, uniq_natasha
D:5:      layout_rooms, serial_shops, nicolae_shop_stone,
          nicolae_shop_window_shopping, nicolae_shop_crystal,
          nicolae_lakefront_shop, shop
Temple:   bh_familiar_temple

Skill      XL: |  1  2  3  4  5  6  7 |
---------------+----------------------+-----
Armour         | 4 5 6 |  6.1
Shields        | 4 |  4.8
Fighting       | 4 5 |  5.1
Long Blades    | 3 4 6 |  6.3
Dodging        | 1 2 |  2.0
Stealth        | |  0.4

Action                   |  1- 3 |  4- 6 |  7- 9 || total
-------------------------+-------+-------+-------++-------
Melee: Long sword        |    87 |   184 |    26 ||   297
       Headbutt          |    12 |    36 |     3 ||    51
Armor: Scale mail        |    48 |    55 |       ||   103
       Chain mail        |       |    37 |    12 ||    49
Dodge: Dodged            |    52 |    76 |     9 ||   137
Block: Buckler           |    26 |    35 |     7 ||    68
